AoeStats
← Malik Bhai

Hideout

509334652Analyzed
1v1 RM · 6d ago on Sep 26, 2026· 61m 42s· 2 players
Game mode
Random Map
Map size
Tiny (2 player)
Population
200
Speed
Normal
Resources
Standard
Victory
Conquest
Starting age
Dark Age
Ending age
Imperial Age
RankedLock teamsTeams togetherTeam positionsShared explorationLock speedFull tech treeHidden civsTurbo modeCheats
Victory
Defeat
🇵🇰 Khmer · Pakistan
1635
+17
🇮🇳 Franks · India
1659
-17
Malik Bhai
9:16 Feudal Age
11:23 Loom
14:45 Castle Age
16:19 Double-Bit Axe
17:01 Scale Barding Armor
20:44 Horse Collar
33:01 Fletching
34:47 Wheelbarrow
36:29 Heavy Plow
36:51 Town Watch
42:01 Imperial Age
39:46 Pikeman
40:38 Scale Mail Armor
42:16 Chain Mail Armor
42:12 Forging
42:18 Bow Saw
42:26 Halberdier
44:46 Iron Casting
44:43 Hand Cart
48:11 Heavy Scorpion
49:59 Blast Furnace
49:45 Town Patrol
50:21 Double Crossbow
51:09 Ballistics
51:50 Chemistry
52:01 Siege Engineers
52:05 Capped Ram
54:27 Crop Rotation
54:14 Siege Ram
55:46 Conscription
61:36 Bodkin Arrow
GS
9:56 Feudal Age
10:32 Double-Bit Axe
10:22 Man-at-Arms
11:25 Loom
18:53 Castle Age
19:27 Scale Barding Armor
19:33 Forging
20:06 Wheelbarrow
19:46 Bow Saw
19:45 Husbandry
25:41 Chain Barding Armor
30:58 Iron Casting
37:58 Hand Cart
37:32 Town Watch
39:31 Gold Mining
43:31 Imperial Age
41:21 Pikeman
42:01 Squires
42:02 Scale Mail Armor
43:32 Chain Mail Armor
43:08 Fletching
44:09 Cavalier
47:28 Blast Furnace
46:59 Plate Mail Armor
47:48 Halberdier
48:17 Gambesons
47:53 Long Swordsman
49:57 Conscription
50:18 Plate Barding Armor
49:28 Two-Handed Swordsman
50:52 Champion
52:59 Light Cavalry
58:52 Hoardings
58:13 Bodkin Arrow
58:51 Onager
Connection lost

Rejoining the realm…

Still unreachable

The connection could not be restored.

Session expired

The server has moved on; the page needs a fresh start.